| TOP OF THE 1ST |
|
Toledo Mud Hens batting - Pitching for Round Rock Express : RHP Jeff Kidd
|
|
Pitching: RHP Jeff Kidd
|
|
|
Batting: LHB Bill Ford
|
0-0: Ball 1-0: Ball 2-0: Ball 3-0: Called Strike 3-1: Fly out, F2 (Popup, 25F, EV 78.1 MPH)
|
|
Batting: SHB Adam Weber
|
0-0: Ball 1-0: Fly out, F7 (Line Drive, 78S, EV 90.6 MPH)
|
|
Batting: LHB Andy Schumacher
|
0-0: Ball 1-0: Ball 2-0: Ball 3-0: Base on Balls
|
|
Batting: SHB Ross Holland
|
0-0: Foul Ball, location: 2F 0-1: Foul Ball, location: 2F 0-2: Ball 1-2: Fielders Choice at 2nd, 6-4 (Groundball, 6, EV 88.1 MPH)
|
| Top of the 1st over - 0 runs, 0 hits, 0 errors, 1 left on base; Toledo 0 - Round Rock 0 |
| BOTTOM OF THE 1ST |
|
Round Rock Express batting - Pitching for Toledo Mud Hens : RHP Ruben Arana
|
|
Pitching: RHP Ruben Arana
|
|
|
Batting: SHB David Simpson
|
0-0: Fly out, F7 (Flyball, 7D, EV 95.0 MPH)
|
|
Batting: LHB Manuel Arguello
|
0-0: Ball 1-0: Ball 2-0: Swinging Strike 2-1: Ground out 4-3 (Groundball, 4, EV 84.4 MPH)
|
|
Batting: RHB Ernie Weathersbee
|
0-0: Called Strike 0-1: Ball 1-1: Ball 2-1: SOLO HOME RUN (Line Drive, 9LD, EV 97.5 MPH), Distance : 357 ft
|
|
Batting: SHB Greg Prime
|
0-0: Ball 1-0: Foul Ball, location: 2F 1-1: SINGLE (Line Drive, 89S, EV 105.6 MPH)
|
|
Batting: RHB Jason Keller
|
0-0: Ball 1-0: Ball 2-0: Called Strike 2-1: Fly out, F9 (Flyball, 89M, EV 92.5 MPH)
|
| Bottom of the 1st over - 1 run, 2 hits, 0 errors, 1 left on base; Toledo 0 - Round Rock 1 |
| TOP OF THE 2ND |
|
Toledo Mud Hens batting - Pitching for Round Rock Express : RHP Jeff Kidd
|
|
Batting: RHB J.J. Basil
|
0-0: Ball 1-0: Called Strike 1-1: Ball 2-1: SINGLE (Groundball, 6MD, EV 105.0 MPH)
|
|
Batting: LHB Frank McConnell
|
0-0: Ball 1-0: Called Strike J.J. Basil steals 2nd base 1-1: Ball 2-1: Ball 3-1: Base on Balls
|
|
Batting: RHB Brady Jeleniewski
|
0-0: Ball 1-0: SINGLE (Groundball, 4D, EV 94.4 MPH) J.J. Basil to third Frank McConnell to second Runner from 3rd tries for Home, SAFE, throw by CF to home
|
|
Batting: LHB Jon Frederick
|
0-0: Called Strike 0-1: Foul Ball, location: 2F 0-2: Ball 1-2: Ball 2-2: Grounds into double play, 4-6-3 (Groundball, 4, EV 97.5 MPH) Frank McConnell to third
|
|
Batting: RHB Willis Morales
|
0-0: Foul Ball, location: 2F 0-1: Ground out 5-3 (Groundball, 5, EV 83.8 MPH)
|
| Top of the 2nd over - 1 run, 2 hits, 0 errors, 1 left on base; Toledo 1 - Round Rock 1 |
| BOTTOM OF THE 2ND |
|
Round Rock Express batting - Pitching for Toledo Mud Hens : RHP Ruben Arana
|
|
Batting: RHB Casey Semenza
|
0-0: Ball 1-0: Called Strike 1-1: Ball 2-1: Ground out 5-3 (Groundball, 56S, EV 68.8 MPH)
|
|
Batting: RHB Bobby Keithley
|
0-0: Ball 1-0: Ball 2-0: Called Strike 2-1: Foul Ball, location: 2F 2-2: Ball 3-2: Foul Ball, location: 2F 3-2: Strikes out swinging
|
|
Batting: RHB Rodolfo Contreras
|
0-0: Ground out 5-3 (Groundball, 56S, EV 64.4 MPH)
|
| Bottom of the 2nd over - 0 runs, 0 hits, 0 errors, 0 left on base; Toledo 1 - Round Rock 1 |
| TOP OF THE 3RD |
|
Toledo Mud Hens batting - Pitching for Round Rock Express : RHP Jeff Kidd
|
|
Batting: LHB Bill Ford
|
0-0: Called Strike 0-1: Ball 1-1: Ball 2-1: Swinging Strike 2-2: Foul Ball, location: 2F 2-2: Strikes out swinging
|
|
Batting: SHB Adam Weber
|
0-0: Ball 1-0: Fly out, F8 (Line Drive, 78M, EV 89.4 MPH)
|
|
Batting: LHB Andy Schumacher
|
0-0: Called Strike 0-1: Ball 1-1: Foul Ball, location: 2F 1-2: Ball 2-2: Strikes out swinging
|
| Top of the 3rd over - 0 runs, 0 hits, 0 errors, 0 left on base; Toledo 1 - Round Rock 1 |
| BOTTOM OF THE 3RD |
|
Round Rock Express batting - Pitching for Toledo Mud Hens : RHP Ruben Arana
|
|
Batting: RHB Ivan Colon
|
0-0: Foul Ball, location: 2F 0-1: Ball 1-1: Ball 2-1: Foul Ball, location: 2F 2-2: Strikes out looking
|
|
Batting: SHB David Simpson
|
0-0: Called Strike 0-1: Ball 1-1: Ball 2-1: Fly out, F7 (Flyball, 7, EV 89.4 MPH)
|
|
Batting: LHB Manuel Arguello
|
0-0: Ball 1-0: Called Strike 1-1: Ball 2-1: Ball 3-1: Ground out 3-1 (Groundball, 34S, EV 86.2 MPH)
|
| Bottom of the 3rd over - 0 runs, 0 hits, 0 errors, 0 left on base; Toledo 1 - Round Rock 1 |
| TOP OF THE 4TH |
|
Toledo Mud Hens batting - Pitching for Round Rock Express : RHP Jeff Kidd
|
|
Batting: SHB Ross Holland
|
0-0: Ball 1-0: Called Strike 1-1: Fly out, F4 (Flyball, 34D, EV 88.8 MPH)
|
|
Batting: RHB J.J. Basil
|
0-0: Ball 1-0: Foul Ball, location: 2F 1-1: Ball 2-1: Swinging Strike 2-2: Strikes out looking
|
|
Batting: LHB Frank McConnell
|
0-0: Swinging Strike 0-1: Foul Ball, location: 2F 0-2: Strikes out swinging
|
| Top of the 4th over - 0 runs, 0 hits, 0 errors, 0 left on base; Toledo 1 - Round Rock 1 |
| BOTTOM OF THE 4TH |
|
Round Rock Express batting - Pitching for Toledo Mud Hens : RHP Ruben Arana
|
|
Batting: RHB Ernie Weathersbee
|
0-0: Called Strike 0-1: Ground out 3-1 (Groundball, 34, EV 90.6 MPH)
|
|
Batting: SHB Greg Prime
|
0-0: Ball 1-0: Ground out 3-1 (Groundball, 34, EV 104.4 MPH)
|
|
Batting: RHB Jason Keller
|
0-0: Called Strike 0-1: Foul Ball, location: 2F 0-2: Ball 1-2: Ball 2-2: Foul Ball, location: 2F 2-2: Ground out 4-3 (Groundball, 4S, EV 91.9 MPH)
|
| Bottom of the 4th over - 0 runs, 0 hits, 0 errors, 0 left on base; Toledo 1 - Round Rock 1 |
| TOP OF THE 5TH |
|
Toledo Mud Hens batting - Pitching for Round Rock Express : RHP Jeff Kidd
|
|
Batting: RHB Brady Jeleniewski
|
0-0: Ball 1-0: Swinging Strike 1-1: Ball 2-1: Ball 3-1: Called Strike 3-2: Strikes out swinging
|
|
Batting: LHB Jon Frederick
|
0-0: Ball 1-0: Foul Ball, location: 2F 1-1: Foul Ball, location: 2F 1-2: Strikes out swinging
|
|
Batting: RHB Willis Morales
|
0-0: Called Strike 0-1: Ball 1-1: Ground out 5-3 (Groundball, 5, EV 99.4 MPH)
|
| Top of the 5th over - 0 runs, 0 hits, 0 errors, 0 left on base; Toledo 1 - Round Rock 1 |
| BOTTOM OF THE 5TH |
|
Round Rock Express batting - Pitching for Toledo Mud Hens : RHP Ruben Arana
|
|
Batting: RHB Casey Semenza
|
0-0: Called Strike 0-1: Ball 1-1: Ground out 5-3 (Groundball, 56, EV 99.4 MPH)
|
|
Batting: RHB Bobby Keithley
|
0-0: Called Strike 0-1: Foul Ball, location: 2F 0-2: Ball 1-2: Ball 2-2: Foul Ball, location: 2F 2-2: Ball 3-2: Foul Ball, location: 2F 3-2: Ground out 6-3 (Groundball, 6, EV 81.2 MPH)
|
|
Batting: RHB Rodolfo Contreras
|
0-0: Called Strike 0-1: Foul Ball, location: 2F 0-2: Ball 1-2: Strikes out looking
|
| Bottom of the 5th over - 0 runs, 0 hits, 0 errors, 0 left on base; Toledo 1 - Round Rock 1 |
| TOP OF THE 6TH |
|
Toledo Mud Hens batting - Pitching for Round Rock Express : RHP Jeff Kidd
|
|
Batting: LHB Bill Ford
|
0-0: Called Strike 0-1: Ball 1-1: Swinging Strike 1-2: SINGLE (Groundball, 34D, EV 108.1 MPH)
|
|
Batting: SHB Adam Weber
|
0-0: Ball 1-0: Ball 2-0: SINGLE (Groundball, 56, EV 106.9 MPH) (infield hit) Bill Ford to second
|
|
Batting: LHB Andy Schumacher
|
0-0: Ball 1-0: Ball 2-0: Hit by Pitch Bill Ford to third Adam Weber to second
|
|
Pinch Runner at 1st Keith Hoffman:
|
|
|
Batting: SHB Ross Holland
|
0-0: Ball 1-0: Grounds into fielders choice 6-2 (Groundball, 6, EV 105.0 MPH) Adam Weber to third Keith Hoffman to second
|
|
Batting: RHB J.J. Basil
|
0-0: Called Strike 0-1: Foul Ball, location: 2F 0-2: Fly out, F8 (Flyball, 8RS, EV 83.1 MPH)
|
|
Batting: LHB Frank McConnell
|
0-0: Foul Ball, location: 2F 0-1: Called Strike 0-2: Foul Ball, location: 2F 0-2: Ball 1-2: Fly out, F4 (Popup, 4, EV 56.9 MPH)
|
| Top of the 6th over - 0 runs, 2 hits, 0 errors, 3 left on base; Toledo 1 - Round Rock 1 |
| BOTTOM OF THE 6TH |
|
Round Rock Express batting - Pitching for Toledo Mud Hens : RHP Ruben Arana
|
|
Now at C: Joel Miller
|
|
|
Batting: RHB Ivan Colon
|
0-0: Called Strike 0-1: Fly out, F9 (Flyball, 89S, EV 80.6 MPH)
|
|
Batting: SHB David Simpson
|
0-0: Ball 1-0: Ball 2-0: Fly out, F3 (Popup, 23F, EV 85.6 MPH)
|
|
Batting: LHB Manuel Arguello
|
0-0: Called Strike 0-1: Ball 1-1: Swinging Strike 1-2: Ball 2-2: Ball 3-2: Strikes out swinging
|
| Bottom of the 6th over - 0 runs, 0 hits, 0 errors, 0 left on base; Toledo 1 - Round Rock 1 |
| TOP OF THE 7TH |
|
Toledo Mud Hens batting - Pitching for Round Rock Express : RHP Jeff Kidd
|
|
Batting: RHB Brady Jeleniewski
|
0-0: Ball 1-0: SINGLE (Line Drive, 8LS, EV 90.6 MPH)
|
|
Batting: LHB Jon Frederick
|
0-0: Foul Ball, location: 2F 0-1: Ball 1-1: Fly out, F5 (Line Drive, 6, EV 77.5 MPH)
|
|
Batting: RHB Willis Morales
|
0-0: Called Strike 0-1: Foul Ball, location: 2F 0-2: Strikes out swinging
|
|
Batting: LHB Bill Ford
|
0-0: Ball 1-0: Foul Ball, location: 2F 1-1: Swinging Strike 1-2: Strikes out swinging
|
| Top of the 7th over - 0 runs, 1 hit, 0 errors, 1 left on base; Toledo 1 - Round Rock 1 |
| BOTTOM OF THE 7TH |
|
Round Rock Express batting - Pitching for Toledo Mud Hens : RHP Ruben Arana
|
|
Batting: RHB Ernie Weathersbee
|
0-0: Ball 1-0: Ball 2-0: Ball 3-0: Base on Balls
|
|
Batting: SHB Greg Prime
|
0-0: Ball 1-0: SINGLE (Line Drive, 9LM, EV 104.4 MPH) Ernie Weathersbee to second
|
|
Batting: RHB Jason Keller
|
0-0: Called Strike 0-1: Foul Ball, location: 2F 0-2: Ball 1-2: Ball 2-2: Foul Ball, location: 2F 2-2: Grounds into double play, 5-4-3 (Groundball, 56, EV 83.8 MPH) Ernie Weathersbee to third
|
|
Batting: RHB Casey Semenza
|
0-0: Ball 1-0: SINGLE (Line Drive, 6D, EV 108.1 MPH) Ernie Weathersbee scores
|
|
Batting: RHB Bobby Keithley
|
0-0: Called Strike 0-1: Ball 1-1: Ball Wild Pitch! Casey Semenza to second 2-1: Foul Ball, location: 2F 2-2: Ball 3-2: Foul Ball, location: 2F 3-2: Fly out, F7 (Line Drive, 7, EV 107.5 MPH)
|
| Bottom of the 7th over - 1 run, 2 hits, 0 errors, 1 left on base; Toledo 1 - Round Rock 2 |
| TOP OF THE 8TH |
|
Toledo Mud Hens batting - Pitching for Round Rock Express : RHP Jeff Kidd
|
|
Pitching: RHP Jeff Bliss
|
|
|
Now at 2B: Jason Sher
|
|
|
Now at 3B: Bobby Keithley
|
|
|
Batting: SHB Adam Weber
|
0-0: Ground out 4-3 (Groundball, 13, EV 85.0 MPH)
|
|
Batting: RHB Joel Miller
|
0-0: Called Strike 0-1: Ball 1-1: Foul Ball, location: 2F 1-2: Strikes out looking
|
|
Batting: SHB Ross Holland
|
0-0: Called Strike 0-1: Foul Ball, location: 2F 0-2: Ball 1-2: Foul Ball, location: 2F 1-2: Ground out 6-3 (Groundball, 6, EV 83.8 MPH)
|
| Top of the 8th over - 0 runs, 0 hits, 0 errors, 0 left on base; Toledo 1 - Round Rock 2 |
| BOTTOM OF THE 8TH |
|
Round Rock Express batting - Pitching for Toledo Mud Hens : RHP Ruben Arana
|
|
Pitching: RHP Chris Haselhorst
|
|
|
Batting: RHB Rodolfo Contreras
|
0-0: Ball 1-0: Fly out, F7 (Flyball, 78S, EV 79.4 MPH)
|
|
Batting: RHB Ivan Colon
|
0-0: Ground out 6-3 (Groundball, 6, EV 108.8 MPH)
|
|
Batting: SHB David Simpson
|
0-0: Called Strike 0-1: Swinging Strike 0-2: Ball 1-2: Foul Ball, location: 2F 1-2: Foul Ball, location: 2F 1-2: Foul Ball, location: 2F 1-2: Strikes out swinging
|
| Bottom of the 8th over - 0 runs, 0 hits, 0 errors, 0 left on base; Toledo 1 - Round Rock 2 |
| TOP OF THE 9TH |
|
Toledo Mud Hens batting - Pitching for Round Rock Express : RHP Jeff Bliss
|
|
Batting: RHB J.J. Basil
|
0-0: Ball 1-0: Ball 2-0: Called Strike 2-1: Fly out, F7 (Flyball, 7, EV 93.8 MPH)
|
|
Batting: LHB Frank McConnell
|
0-0: Ball 1-0: Called Strike 1-1: Foul Ball, location: 2F 1-2: Fly out, F9 (Flyball, 89D, EV 107.5 MPH)
|
|
Batting: RHB Brady Jeleniewski
|
0-0: Called Strike 0-1: Ball 1-1: Swinging Strike 1-2: Strikes out looking
|
| Top of the 9th over - 0 runs, 0 hits, 0 errors, 0 left on base; Toledo 1 - Round Rock 2 |
|